 Dungeon Crawl Stone Soup version 0.21-a0-142-gdd972a7 (webtiles) character file.

542 Ordine the Magician (level 7, -4/36 HPs)
             Began as a Deep Elf Wizard on July 24, 2017.
             Slain by a river rat (5 damage)
             ... on level 3 of the Dungeon.
             The game lasted 00:09:22 (3023 turns).

Ordine the Magician (Deep Elf Wizard)               Turns: 3023, Time: 00:09:22

Health: -4/36      AC:  4    Str:  1 (4)  XL:     7   Next: 6%
Magic:  0/17       EV: 13    Int: 22 (25) God:
Gold:   119        SH:  0    Dex: 10 (13) Spells: 8/17 levels left

rFire    . . .     SeeInvis .   j - +2 dagger (elec)
rCold    . . .     Gourm    .   (no shield)
rNeg     . . .     Faith    .   a - +0 robe
rPois    .         Spirit   .   k - +0 helmet
rElec    .         Reflect  .   (no cloak)
rCorr    .         Harm     .   l - +0 pair of gloves
MR       .....                  (no boots)
Stlth    +.........             (no amulet)
HPRegen  0.12/turn              (no ring)
MPRegen  0.15/turn              (no ring)

@: very slow
A: no striking features
a: no special abilities


You were on level 3 of the Dungeon.
You were not hungry.

You visited 1 branch of the dungeon, and saw 3 of its levels.

You collected 119 gold pieces.

Inventory:

Hand Weapons
 j - a +2 dagger of electrocution (weapon)
Armour
 a - a +0 robe (worn)
 k - a +0 helmet (worn)
 l - a +0 pair of gloves (worn)
Wands
 b - a wand of flame (22/48)
 h - a wand of lightning (14/15)
Scrolls
 e - a scroll of amnesia
Books
 c - a book of Minor Magic

   Spells                             Type                      Level
   a - Magic Dart                     Conjuration                  1
   b - Blink                          Translocation                2
   c - Call Imp                       Summoning                    2
   d - Slow                           Hexes                        2
   e - Conjure Flame                  Conjuration/Fire             3
   f - Mephitic Cloud                 Conjuration/Poison/Air       3
Comestibles
 d - 3 bread rations
 f - 6 chunks of flesh
 g - 5 meat rations
 i - 2 royal jellies


   Skills:
 + Level 4.7 Dodging
 + Level 4.2 Stealth
 + Level 5.7 Spellcasting
 + Level 3.4 Conjurations
   Level 1.1 Summonings
 + Level 3.0 Translocations
 + Level 2.2 Fire Magic
 + Level 2.2 Air Magic


You had 8 spell levels left.
You knew the following spells:

 Your Spells              Type           Power        Failure   Level  Hunger
a - Magic Dart            Conj           ###.         2%          1    None
b - Blink                 Tloc           N/A          4%          2    None
c - Conjure Flame         Conj/Fire      ###.....     9%          3    ##.....
d - Mephitic Cloud        Conj/Pois/Air  ##......     13%         3    ##.....


Dungeon Overview and Level Annotations

Branches:
Dungeon (3/15)

Altars:
Elyvilon
Okawaru


Message History

Aiming: Magic Dart
Press: ? - help, Shift-Dir - straight line, f/p - river rat
Aim: a river rat (moderately wounded)
The magic dart hits the river rat.
The river rat is heavily wounded.
The river rat barely misses you.
It was a potion of degeneration.
There was something very wrong with that liquid.
You feel weakened.
You feel dopey.
You feel clumsy. The river rat closely misses you.
Casting: Magic Dart
Confirm with . or Enter, or press ? or * to list all spells.
Aiming: Magic Dart
Press: ? - help, Shift-Dir - straight line, f/p - river rat
Aim: a river rat (heavily wounded)
The magic dart hits the river rat.
The river rat is heavily wounded.
The river rat closely misses you. The river rat bites you.
You die...

#)#
##≈######≈#####.#..#.#
#.# #≈≈≈≈≈ #≈≈≈#
#.#..#.## #.# #≈≈≈#
#≈≈≈# ..#...... #.#
#≈# ##≈## ..#.#.###
#>. #≈# #≈# ...#.#..#.
### #≈# #≈# ...#.#..#.
##≈## ##≈## #.#..#.
#≈≈≈####≈≈≈# #......
#≈≈≈≈r@≈≈≈≈# #.###.#
##≈######≈## #<....#
### ### ####### ......
######


You could see a river rat.

Vanquished Creatures
  Sigmund (D:2)
  The ghost of walar the Chopper, an amateur DDMo (D:3)
  2 orc priests (D:3)
  Ijyb (D:3)
  Terence (D:3)
  Robin (D:3)
  3 gnolls (D:3)
  4 adders
  3 worms
  6 dart slugs
  7 leopard geckos
  3 orcs (D:3)
  A ball python (D:1)
  3 giant cockroaches (D:3)
  14 goblins
  9 hobgoblins
  3 jackals (D:1)
  5 bats
  4 frilled lizards
  5 kobolds
  10 rats
87 creatures vanquished.

Notes
Turn   | Place    | Note
-------+----------+-------------------------------------------
     0 | D:1      | Ordine the Deep Elf Wizard began the quest for the Orb.
     0 | D:1      | Reached XP level 1. HP: 10/10 MP: 7/7
     1 | D:1      | Noticed an electric eel
   446 | D:1      | Reached XP level 2. HP: 8/15 MP: 0/9
   530 | D:1      | Learned a level 2 spell: Blink
  1101 | D:1      | Reached XP level 3. HP: 19/19 MP: 4/11
  1123 | D:1      | Learned a level 3 spell: Conjure Flame
  1127 | D:1      | Learned a level 3 spell: Mephitic Cloud
  1393 | D:2      | Noticed Sigmund
  1589 | D:2      | Found a white marble altar of Elyvilon.
  1941 | D:2      | Killed Sigmund
  1941 | D:2      | Reached skill level 5 in Spellcasting
  1941 | D:2      | Reached skill level 1 in Fire Magic
  1941 | D:2      | Reached skill level 1 in Air Magic
  1941 | D:2      | Reached XP level 4. HP: 14/24 MP: 0/13
  1941 | D:2      | Reached XP level 5. HP: 17/28 MP: 0/14
  2217 | D:2      | Found an iron altar of Okawaru.
  2286 | D:3      | Noticed Ijyb
  2305 | D:3      | Killed Ijyb
  2305 | D:3      | Reached XP level 6. HP: 30/32 MP: 0/16
  2424 | D:3      | Noticed Robin
  2429 | D:3      | Noticed walar's ghost (amateur DDMo)
  2452 | D:3      | Killed walar's ghost
  2460 | D:3      | Killed Robin
  2664 | D:3      | Noticed Terence
  2682 | D:3      | Killed Terence
  2862 | D:3      | Reached XP level 7. HP: 15/36 MP: 0/17
  3018 | D:3      | HP: 1/36 [river rat (7)]
  3023 | D:3      | Slain by a river rat

Vault maps used:
D:1:      arrival_aquarium_a
D:2:      lemuel_doored_altar, old_standard_altar, serial_glass,
          glass_columns_c, glass_columns_b, first_bread, grunt_ministairs_10,
          uniq_sigmund
D:3:      gup_sewer_entry_bubbles, kennysheep_pointless_box,
          grunt_ministairs_14, uniq_robin, uniq_terence, uniq_ijyb

Skill      XL: |  1  2  3  4  5  6  7 |
---------------+----------------------+-----
Dodging        | 3 4 |  4.7
Conjurations   | 2 3 |  3.4
Stealth        | 3 4 |  4.2
Spellcasting   | 5 |  5.7
Translocations | 2 3 |  3.0
Fire Magic     | 1 2 |  2.2
Air Magic      | 1 2 |  2.2
Summonings     | |  1.1

Action                   |  1- 3 |  4- 6 |  7- 9 || total
-------------------------+-------+-------+-------++-------
Melee: Mace              |    11 |       |       ||    11
       Dagger            |     4 |    46 |     2 ||    52
 Cast: Magic Dart        |   122 |    95 |    24 ||   241
       Mephitic Cloud    |     1 |     4 |       ||     5
       Blink             |       |     1 |     1 ||     2
  Use: Scroll            |     4 |     5 |       ||     9
       Potion            |       |     2 |     1 ||     3
  Eat: Chunk             |     3 |     3 |       ||     6
Armor: Robe              |     9 |     8 |     2 ||    19
       Skin              |       |    11 |       ||    11
Dodge: Dodged            |    35 |    33 |     6 ||    74
